 Dungeon Crawl Stone Soup version 0.20.1-1-g8b1a95d (webtiles) character file.

25726 LittleStrapony the Fighter (level 12, -2/112 HPs)
             Began as a Minotaur Fighter on Aug 4, 2017.
             Was an Elder of Makhleb.
             Killed by the air
             ... invoked by a blizzard demon
             ... summoned by the player character
              (10 damage)
             ... on level 15 of the Dungeon.
             The game lasted 03:34:13 (15787 turns).

LittleStrapony the Fighter (Minotaur Fighter)      Turns: 15787, Time: 03:34:16

Health: -2/112     AC: 27    Str: 25    XL:     12   Next: 92%
Magic:  15/15      EV:  8    Int:  5    God:    Makhleb [****..]
Gold:   649        SH: 13    Dex: 15    Spells: 13/13 levels left

rFire    + + .     SeeInvis +   a - +8 dagger of Bile {drain, rElec Dex+4 SInv}
rCold    . . .     Gourm    .   c - +1 shield
rNeg     . . .     Faith    .   w - +6 chain mail {rF+}
rPois    .         Spirit   .   (helmet restricted)
rElec    +         Reflect  .   V - +2 cloak
rCorr    +         Harm     .   (no gloves)
MR       +....                  u - +0 pair of boots
Stlth    ..........             d - amulet of regeneration
Regen    0.7/turn               G - ring of resist corrosion
MPRegen  0.2/turn               Y - +4 ring of protection

@: no status effects
A: retaliatory headbutt, horns 2, fire resistance 1, magic resistance 1, no
potion heal 1
a: Minor Destruction, Lesser Servant of Makhleb, Major Destruction, Renounce
Religion


You were on level 15 of the Dungeon.
You worshipped Makhleb.
Makhleb was greatly pleased with you.
You were not hungry.

You visited 3 branches of the dungeon, and saw 18 of its levels.
You also visited: Ossuary.

You collected 982 gold pieces.
You spent 333 gold pieces at shops.

Inventory:

Hand Weapons
 a - the +8 dagger of Bile (weapon) {drain, rElec Dex+4 SInv}
   (You found it on level 10 of the Dungeon)

   A truly terrible weapon, it drains the life of those it strikes.
   It affects your dexterity (+4).
   It insulates you from electricity.
   It lets you see invisible.
 g - a +3 war axe of chopping
 j - a +3 dagger of chaos
 n - a +2 war axe of electrocution
 q - a +0 blowgun
Missiles
 h - 96 poisoned needles
 J - 4 needles of paralysis
Armour
 c - a +1 shield (worn)
 u - a +0 pair of boots (worn)
 w - a +6 chain mail of fire resistance (worn)
 N - a +0 plate armour
 O - +0 steam dragon scales
 V - a +2 cloak (worn)
 Z - +0 acid dragon scales
Jewellery
 d - an amulet of regeneration (around neck)
 l - an uncursed ring of see invisible
 G - a ring of resist corrosion (left hand)
 Y - a +4 ring of protection (right hand)
Wands
 e - a wand of flame (13/48)
 r - a wand of iceblast (6/15)
 s - a wand of lightning (8/15)
 K - a wand of digging (5/24)
 L - a wand of paralysis (14/24)
Scrolls
 b - 4 scrolls of fog
 k - 2 scrolls of immolation
 m - a scroll of magic mapping
 t - 4 scrolls of teleportation
 y - 2 scrolls of amnesia
 z - 5 scrolls of recharging
 C - 4 scrolls of remove curse
 D - 5 scrolls of identify
 I - a scroll of holy word {unknown}
Potions
 i - 2 potions of cancellation
 o - 2 potions of agility
 p - 2 potions of flight
 x - 2 potions of haste
 B - a potion of resistance
 H - 4 potions of lignification
 P - a potion of magic
 R - 4 potions of curing
Books
 E - a book of Battle

   Spells                             Type                      Level
   a - Infusion                       Charms                       1
   b - Shroud of Golubria             Charms/Translocation         2
   c - Song of Slaying                Charms                       2
   d - Spectral Weapon                Hexes/Charms                 3
   e - Regeneration                   Charms/Necromancy            3
 Q - a book of Necromancy

   Spells                             Type                      Level
   a - Pain                           Necromancy                   1
   b - Animate Skeleton               Necromancy                   1
   c - Vampiric Draining              Necromancy                   3
   d - Regeneration                   Charms/Necromancy            3
   e - Animate Dead                   Necromancy                   4
   f - Control Undead                 Necromancy                   4
Miscellaneous
 F - a fan of gales
 S - a box of beasts
Comestibles
 f - 4 bread rations
 v - 6 royal jellies
 A - 19 meat rations
 M - 7 fruits


   Skills:
 * Level 11.9 Fighting
 * Level 4.9(6.5) Short Blades
   Level 7.3(8.2) Long Blades
 - Level 8.8(9.1) Axes
   Level 3.4(6.6) Maces & Flails
 + Level 6.5 Throwing
 * Level 11.9 Armour
 - Level 0.4 Dodging
 * Level 10.0 Shields
 - Level 1.0 Spellcasting
 * Level 4.8 Invocations
 + Level 6.5 Evocations


You had 13 spell levels left.
You didn't know any spells.

Dungeon Overview and Level Annotations

Branches:
Dungeon (15/15)            Temple (1/1) D:4            Lair (2/6) D:8
  Snake (0/4) Lair:2          Orc (0/2) D:11         Vaults (0/5) D:13
 Depths (0/5) D:15
  Swamp: Lair:2-4    Shoals: Lair:2-4

Altars:
Ashenzari
Cheibriados
Dithmenos
Elyvilon
Fedhas
Gozag
Hepliaklqana
Kikubaaqudgha
Makhleb
Nemelex Xobeh
Okawaru
Qazlal
Ru
Sif Muna
Trog
Uskayaw
Vehumet
Xom
Yredelemnul
Zin
The Shining One

Shops:
D:5 ?*[(   D:11 }   D:13 !*


Innate Abilities, Weirdness & Mutations

You reflexively headbutt those who attack you in melee.
You have a pair of horns on your head.
Your flesh is heat resistant. (rF+)
You are resistant to hostile enchantments. (MR+)
Potions are less effective at restoring your health.


Message History

You hit the blizzard demon but do no damage.
The blizzard demon is severely wounded.
You are engulfed in freezing vapours.
The blizzard demon is engulfed in freezing vapours.
The blizzard demon hits you but does no damage.
The blizzard demon hits you.
Your chain mail prevents you from hitting the blizzard demon.
The blizzard demon is severely wounded.
You are engulfed in freezing vapours.
* * * LOW HITPOINT WARNING * * *
The blizzard demon completely misses you.
The blizzard demon hits you.
* * * LOW HITPOINT WARNING * * *
Your system partially rejects the healing.
You feel better.
You are engulfed in freezing vapours.
* * * LOW HITPOINT WARNING * * *
The blizzard demon is engulfed in freezing vapours.
The blizzard demon waves its arms in wide circles.
The air twists around and strikes you!
You die...

**>###+###...,,,,*,* *,,,,
**#........###*,*,***,,,,
#####..........,,,,,,,,,,,,
#...#........####,**,*,**,,
#..........!....#,..,*,**,*
#.............#.#..#**,,,,*
#...).4KK(....#.#..###*****
#........###§.#.#....,,,,,,
######.......K#@2†.#....###****,
#..<((.(..(...###§).......###**,
#.............+,+............,,,
#............(#*#.........#****.
#.............# #...((....#####.
#.............# #...............
#.............# #..(....(.....<.
#..?..........# #.........(.....
#.............# #...............


You could see a blizzard demon.

Vanquished Creatures
  Kirke (D:12)
  A slime creature (D:12)
  An ice dragon (D:13)
  A vault guard (D:13)
  A centaur warrior (D:14)
  3 two-headed ogres
  A tengu warrior (D:13)
  A phantasmal warrior (D:13)
  The ghost of Xelenos the Covert, a novice SpAs of Dithmenos (D:8)
  2 ugly things
  2 manticores
  2 cyclopes (D:13)
  2 black mambas (Lair:2)
  Psyche (D:11)
  A centaur zombie (D:14)
  A spiny frog (Lair:1)
  A kobold demonologist (D:15)
  2 komodo dragons
  A merfolk (D:13)
  2 trolls
  4 hippogriffs
  A wraith (D:12)
  18 yaks
  A hungry ghost (D:14)
  A hog (D:12)
  A steam dragon (D:10)
  2 nagas (Lair:2)
  5 vampire mosquitoes
  An acid dragon (D:10)
  A porcupine (Lair:2)
  3 soldier ants
  2 water moccasins (Lair:2)
  A hornet zombie (D:12)
  A sky beast (D:11)
  9 orc warriors
  An eye of draining (D:14)
  5 ice beasts
  A phantom (D:4)
  3 black bears
  4 ogres
  6 centaurs
  A wolf (D:11)
  2 crocodiles
  3 big kobolds
  11 bullfrogs
  4 scorpions
  17 killer bees
  3 wights (D:7)
  An electric eel (Lair:2)
  A bullfrog zombie (D:7)
  7 crimson imps
  4 jellies
  A quasit (D:6)
  6 centaur skeletons
  3 orc priests
  A gnoll shaman (D:4)
  4 hounds
  12 orc wizards
  3 bullfrog skeletons
  Terence (D:2)
  Natasha (D:3)
  4 iguanas
  11 worker ants
  2 hound zombies
  4 mummies
  2 worker ant zombies
  10 gnolls
  5 adders
  4 adder zombies (Ossuary)
  4 leopard geckos
  54 orcs
  7 giant cockroaches
  7 hobgoblins
  3 jackals (D:6)
  13 kobolds
  2 quokkas (D:8)
  4 bats
  3 frilled lizards
  A gnoll zombie (Ossuary)
  9 goblins
  5 goblin zombies (Ossuary)
  A jackal zombie (D:6)
  3 kobold zombies (Ossuary)
  A leopard gecko skeleton (D:5)
  An orc zombie (Ossuary)
  A quokka skeleton (D:5)
  2 quokka zombies (Ossuary)
  3 rats
  2 rat zombies (Ossuary)
  A fungus (Lair:1)
  3 plants
357 creatures vanquished.

Vanquished Creatures (others)
  2 humans (D:12)
  A big kobold (D:15)
  A kobold (D:13)
  4 plants (D:14)
8 creatures vanquished.

Grand Total: 365 creatures vanquished

Notes
Turn   | Place    | Note
-------+----------+-------------------------------------------
     0 | D:1      | LittleStrapony the Minotaur Fighter began the quest for the Orb.
     0 | D:1      | Reached XP level 1. HP: 19/19 MP: 0/0
   371 | D:1      | Reached XP level 2. HP: 27/27 MP: 1/1
   824 | D:2      | Noticed Terence
   838 | D:2      | Killed Terence
   838 | D:2      | Reached XP level 3. HP: 27/33 MP: 2/2
  1588 | D:3      | Reached skill level 1 in Maces & Flails
  1588 | D:3      | Reached XP level 4. HP: 40/40 MP: 3/3
  2071 | D:3      | Noticed Natasha
  2075 | D:3      | Killed Natasha
  2075 | D:3      | Reached XP level 5. HP: 40/46 MP: 4/4
  2788 | D:4      | Noticed a phantom
  2831 | D:4      | Killed a phantom
  2831 | D:4      | Reached skill level 1 in Throwing
  2831 | D:4      | Reached skill level 5 in Armour
  2832 | D:4      | Reached XP level 6. HP: 45/53 MP: 5/5
  2886 | D:4      | Reached skill level 5 in Shields
  2929 | D:3      | HP: 1/55 [something/magic dart (6)]
  3501 | D:4      | Reached skill level 5 in Fighting
  3550 | D:4      | Reached XP level 7. HP: 54/61 MP: 6/6
  3587 | D:4      | Found a staircase to the Ecumenical Temple.
  3597 | Temple   | Entered the Ecumenical Temple
  4047 | Temple   | Became a worshipper of Makhleb the Destroyer
  4216 | D:5      | Entered Level 5 of the Dungeon
  4222 | D:5      | Found Cuga's Armour Shop.
  4399 | D:5      | Found Nuar's Magic Scroll Boutique.
  4407 | D:5      | Bought a scroll of identify for 26 gold pieces
  4407 | D:5      | Bought a scroll of identify for 26 gold pieces
  4407 | D:5      | Bought a scroll of identify for 26 gold pieces
  4471 | D:5      | Found Laediaf's General Store.
  4480 | D:5      | Bought a scroll of magic mapping for 35 gold pieces
  4630 | D:5      | Found a glowing silver altar of Zin.
  4630 | D:5      | Found an ancient bone altar of Kikubaaqudgha.
  4719 | D:5      | Reached skill level 1 in Axes
  4891 | D:5      | Found a sand-covered staircase.
  4905 | Ossuary  | Entered an ossuary
  5019 | Ossuary  | Reached * piety under Makhleb
  5180 | D:5      | Found Vuorokip's Antique Weapon Shoppe.
  5386 | D:5      | Reached XP level 8. HP: 70/70 MP: 7/7
  5886 | D:6      | Found a deep blue altar of Sif Muna.
  6239 | D:7      | Reached skill level 5 in Long Blades
  6250 | D:7      | Found a burning altar of Makhleb.
  6339 | D:7      | Reached skill level 1 in Invocations
  7062 | D:8      | Reached XP level 9. HP: 57/79 MP: 9/9
  7070 | D:8      | Reached ** piety under Makhleb
  7070 | D:8      | Reached skill level 1 in Spellcasting
  7463 | D:8      | Noticed Xelenos's ghost (novice SpAs)
  7492 | D:8      | Killed Xelenos's ghost
  7492 | D:8      | Reached skill level 5 in Axes
  7492 | D:8      | Reached skill level 1 in Evocations
  7553 | D:8      | Found a staircase to the Lair.
  8008 | D:8      | Noticed a two-headed ogre
  8014 | D:8      | Killed a two-headed ogre
  8032 | D:8      | Found an iron altar of Okawaru.
  8342 | Lair:1   | Entered Level 1 of the Lair of Beasts
  8517 | Lair:1   | Noticed a komodo dragon
  8539 | Lair:1   | Killed a komodo dragon
  8539 | Lair:1   | Reached XP level 10. HP: 54/89 MP: 9/11
  8774 | Lair:1   | Noticed a spiny frog
  8783 | Lair:1   | Killed a spiny frog
  9323 | Lair:2   | Noticed a black mamba
  9334 | Lair:2   | Killed a black mamba
  9390 | Lair:2   | Found a staircase to the Snake Pit.
  9727 | Lair:2   | Noticed a black mamba
  9733 | Lair:2   | Killed a black mamba
 10832 | D:9      | Reached XP level 11. HP: 99/99 MP: 13/13
 10836 | D:9      | Reached *** piety under Makhleb
 11003 | D:10     | Entered Level 10 of the Dungeon
 11287 | D:10     | Reached skill level 10 in Armour
 11442 | D:10     | Got a bloodstained dagger
 11443 | D:10     | Identified the +8 dagger of Bile {drain, rElec Dex+4 SInv} (You found it on level 10 of the Dungeon)
 11839 | D:11     | Reached skill level 5 in Throwing
 11897 | D:11     | Reached **** piety under Makhleb
 11924 | D:11     | Reached skill level 10 in Fighting
 12035 | D:11     | Noticed Psyche
 12050 | D:11     | Killed Psyche
 12050 | D:11     | Reached skill level 5 in Evocations
 12115 | D:11     | Noticed a purple ugly thing
 12130 | D:11     | Killed a purple ugly thing
 12138 | D:11     | Gained mutation: Potions are less effective at restoring your health. [mutagenic meat]
 12152 | D:11     | Found Zughisk's Gadget Shoppe.
 12219 | D:11     | Bought a box of beasts for 220 gold pieces
 12225 | D:11     | Gained mutation: Your spells are a little harder to cast, but a little more powerful. [mutagenic meat]
 12319 | D:11     | Found a staircase to the Orcish Mines.
 12349 | D:11     | Lost mutation: Your spells are a little harder to cast, but a little more powerful. [potion of mutation]
 12349 | D:11     | Gained mutation: You are resistant to hostile enchantments. (MR+) [potion of mutation]
 12349 | D:11     | Gained mutation: Your flesh is heat resistant. (rF+) [potion of mutation]
 13073 | D:12     | Noticed Kirke
 13078 | D:12     | Noticed a two-headed ogre
 13080 | D:12     | Noticed a lindwurm
 13108 | D:12     | Noticed a harpy
 13109 | D:12     | Killed Kirke
 13109 | D:12     | Reached skill level 1 in Short Blades
 13115 | D:12     | Killed a two-headed ogre
 13721 | D:13     | Reached XP level 12. HP: 108/108 MP: 15/15
 13807 | D:13     | Noticed a tengu warrior
 13831 | D:13     | Killed a tengu warrior
 13947 | D:13     | Noticed an ice dragon
 13953 | D:13     | Noticed a two-headed ogre
 13991 | D:13     | Killed an ice dragon
 13997 | D:13     | Killed a two-headed ogre
 14050 | D:13     | Noticed a vault guard
 14080 | D:13     | Killed a vault guard
 14409 | D:13     | Found a gate to the Vaults.
 14472 | D:13     | Found Piysuv's General Store.
 14555 | D:13     | Found Effourrey's Distillery.
 15045 | D:14     | Noticed a centaur warrior
 15068 | D:14     | Killed a centaur warrior
 15089 | D:14     | Reached ***** piety under Makhleb
 15330 | D:14     | Reached skill level 10 in Shields
 15716 | D:15     | Entered Level 15 of the Dungeon
 15750 | D:15     | Noticed a blizzard demon
 15787 | D:15     | Killed from afar by a blizzard demon

Skill      XL: |  1  2  3  4  5  6  7  8  9 10 11 12 |
---------------+-------------------------------------+-----
Shields        | 4 5 6 7 8 10 | 10.0
Long Blades    | 3 4 5 6 7 |  7.3
Fighting       | 4 5 7 8 9 10 11 | 11.9
Maces & Flails | 1 2 3 |  3.4
Armour         | 4 5 6 7 8 9 10 11 | 11.9
Throwing       | 1 2 3 4 5 6 |  6.5
Axes           | 2 4 5 7 8 |  8.8
Invocations    | 1 2 4 |  4.8
Spellcasting   | 1 |  1.0
Evocations     | 2 4 6 |  6.5
Short Blades   | 2 4 |  4.9
Dodging        | |  0.4

Action                   |  1- 3 |  4- 6 |  7- 9 | 10-12 || total
-------------------------+-------+-------+-------+-------++-------
Melee: Long sword        |    51 |    28 |    43 |       ||   122
       Headbutt          |     9 |    19 |    38 |   241 ||   307
       Flail             |    28 |    97 |       |       ||   125
       War axe           |       |       |   196 |   184 ||   380
       Spear             |       |       |    26 |       ||    26
       Dagger            |       |       |       |   657 ||   657
 Fire: Blowgun           |       |       |       |    91 ||    91
Throw: Tomahawk          |     6 |    11 |     5 |       ||    22
       Throwing net      |       |       |       |     3 ||     3
Invok: Lesser Servant of |       |       |       |     1 ||     1
       Major Destruction |       |       |       |     1 ||     1
       Greater Servant o |       |       |       |     1 ||     1
Evoke: Wand              |       |       |       |    17 ||    17
       Box of beasts     |       |       |       |     1 ||     1
  Use: Potion            |     1 |     6 |     2 |    18 ||    27
       Scroll            |     6 |    10 |    10 |    22 ||    48
 Stab: Held in net/web   |       |       |       |     2 ||     2
       Paralysed         |       |       |       |     4 ||     4
  Eat: Chunk             |     1 |     3 |       |     2 ||     6
       Royal jelly       |     1 |       |       |     1 ||     2
       Meat ration       |       |     1 |       |       ||     1
       Bread ration      |       |       |     3 |     5 ||     8
       Fruit             |       |       |       |     3 ||     3
Armor: Scale mail        |    16 |       |       |       ||    16
       Chain mail        |    14 |    50 |   121 |   377 ||   562
       Skin              |       |    17 |       |       ||    17
       Plate armour      |       |       |       |     4 ||     4
Dodge: Dodged            |    18 |    23 |    62 |   172 ||   275
Block: Shield            |    37 |    79 |   136 |   440 ||   692
       Rpst.: Long sword |     2 |     1 |     2 |       ||     5
